 Dungeon Crawl Stone Soup version 0.30-a0-347-gf58ed5266c (webtiles) character file.

Game seed: 15946527084817925297

977 flotson the Sneak (level 7, -1/55 HPs)
             Began as a Demonspawn Delver on Nov 6, 2022.
             Slain by Duvessa
             ... wielding a +0 short sword
              (4 damage)
             ... on level 4 of the Dungeon.
             The game lasted 00:11:27 (5600 turns).

flotson the Sneak (Demonspawn Delver)               Turns: 5600, Time: 00:11:27

Health: -1/55      AC:  5    Str: 15    XL:     7   Next: 95%
Magic:  7/7        EV:  8    Int: 11    God:
Gold:   348        SH: 16    Dex: 14    Spells: 6/6 levels left

rFire   . . .      SeeInvis .    v - +2 whip (venom)
rCold   . . .      Faith    .    o - +2 tower shield
rNeg    . . .      Spirit   .    b - +0 leather armour
rPois   .          Reflect  .    (no helmet)
rElec   .          Harm     .    z - +0 cloak
rCorr   .          Rampage  .    q - +0 pair of gloves
Will    .....                    (no boots)
Stlth   +++.......               p - amulet of regeneration
HPRegen 1.09/turn                (no ring)
MPRegen 0.10/turn                (no ring)

@: about to teleport
A: condensation shield, demonic magic 2, demonic touch 2
a: no special abilities


You were on level 4 of the Dungeon.
You visited 1 branch of the dungeon, and saw 5 of its levels.

You collected 348 gold pieces.

Inventory:

Hand Weapons
 n - a +0 mace of draining
 r - a +0 war axe
 t - a +2 dagger of draining
 v - a +2 whip of venom (weapon)
Missiles
 y - 2 boomerangs (quivered)
Armour
 b - a +0 leather armour (worn)
 o - a +2 tower shield (worn)
 q - a +0 pair of gloves (worn)
 z - a +0 cloak (worn)
Jewellery
 p - an amulet of regeneration (around neck)
 u - an amulet of reflection
Wands
 g - a wand of digging (3)
Scrolls
 c - a scroll of fog
 d - 2 scrolls of teleportation
 e - 3 scrolls of summoning {unknown}
 h - 4 scrolls of identify
 k - 4 scrolls of vulnerability {unknown}
 l - a scroll of blinking {unknown}
 m - a scroll of noise {unknown}
 w - a scroll of butterflies {unknown}
Potions
 a - a potion of magic
 f - 2 potions of curing
 j - 2 potions of resistance {unknown}
 s - a potion of lignification {unknown}
 x - a potion of brilliance {unknown}


   Skills:
 + Level 4.7 Fighting
 + Level 3.3 Axes
 + Level 2.0 Throwing
 + Level 3.2 Armour
 + Level 3.7 Dodging
 + Level 5.5 Stealth
 + Level 3.4 Evocations


You had 6 spell levels left.
You didn't know any spells.
Your spell library contained the following spells:

 Spells                   Type           Power      Damage    Failure   Level
 Freeze                   Ice            0%         1d3       100%        1
 Call Canine Familiar     Summ           0%         N/A       100%        3
 Animate Dead             Necr           0%         N/A       100%        4
 Petrify                  Tmut/Erth      0%         N/A       100%        4
 Borgnjor's Vile Clutch   Necr/Erth      0%         N/A       100%        5
 Metabolic Englaciation   Hex/Ice        0%         N/A       100%        5
 Death Channel            Necr           0%         N/A       100%        6
 Statue Form              Tmut/Erth      0%         N/A       100%        6
 Summon Cactus Giant      Summ           0%         N/A       100%        6
 Summon Hydra             Summ           0%         N/A       100%        7


Dungeon Overview and Level Annotations

Branches:
Dungeon (5/15)
 Temple: D:4-7

Altars:
Kikubaaqudgha
Vehumet
Xom

Shops:
D:4 :

Annotations:
D:3 mcwallace's ghost, amateur VSBr
D:4 Duvessa


Innate Abilities, Weirdness & Mutations

A meltable shield of frost defends you. (SH +4)
Spells you cast may paralyse nearby enemies.
Your touch may inflict irresistible damage on your foes.


Message History

Duvessa rages.
The ice beast attacks as you move away!
The ice beast hits you but does no damage.
You block the ice beast's attack. The ice beast attacks as you move away!
You block the ice beast's attack. The ice beast attacks as you move away!
You block the ice beast's attack. The ice beast attacks as you move away!
You block the ice beast's attack.
Duvessa rages.
You hear a shout!
The ice beast attacks as you move away! You block the ice beast's attack.
The ice beast attacks as you move away! You block the ice beast's attack.
Duvessa hits you with a +0 short sword!!
You hit Duvessa.
Duvessa is lightly wounded.
You block Duvessa's attack. Duvessa completely misses you.
You hit Duvessa.
Duvessa is lightly wounded.
You block Duvessa's attack. Duvessa barely misses you.
You hit Duvessa.
Duvessa is poisoned.
Duvessa is lightly wounded.
You block Duvessa's attack. x2
You hit Duvessa but do no damage.
Duvessa is lightly wounded.
You block Duvessa's attack. Duvessa hits you with a +0 short sword.
You barely miss Duvessa.
Duvessa is lightly wounded.
You block Duvessa's attack. Duvessa hits you with a +0 short sword!
You barely miss Duvessa.
Duvessa is lightly wounded.
Duvessa hits you with a +0 short sword! You block Duvessa's attack.
Duvessa hits you with a +0 short sword!
* * * LOW HITPOINT WARNING * * *
As you read the scroll of fear, it crumbles to dust.
You assume a fearsome visage.
The ice beast looks frightened!
Duvessa is unaffected.
Duvessa hits you with a +0 short sword!
* * * LOW HITPOINT WARNING * * *
As you read the scroll of teleportation, it crumbles to dust.
You feel strangely unstable. Duvessa barely misses you.
Duvessa hits you with a +0 short sword.
You die...

*,.,,,,,,,,,* ############
*.#*********####..........#
#.# #....########.# ..*
#....# #####.##### #**
#...Y# #.........# * #....#
#.###.###.# #....# #.# #.#
#.# ####e# #.# #.# #.# #@#
#.# #.# #.#
################.# #.# #.#
#.# .................# #.#
#.# #.# ##################
#.###.# #.# #.....# #.#
####### #.# #.# #.# #[#


You could see Duvessa (berserk, poisoned) and an ice beast (fleeing).

Vanquished Creatures
  2 water moccasins
  A gnoll sergeant (D:5)
  A scorpion (D:5)
  Dowan (D:4)
  4 hounds
  2 orc priests
  A jelly (D:5)
  3 iguanas
  An orc wizard (D:4)
  13 adders
  5 gnolls
  A white imp (D:5)
  2 ufetubi (D:5)
  2 worms
  3 dart slugs (D:4)
  8 orcs
  A bat (D:1)
  6 endoplasms
  2 giant cockroaches
  11 goblins
  9 hobgoblins
  2 jackals (D:4)
  5 ball pythons
  2 frilled lizards (D:2)
  5 kobolds
  5 rats
98 creatures vanquished.

Vanquished Creatures (others)
  2 plants (D:2)
2 creatures vanquished.

Grand Total: 100 creatures vanquished

Notes
Turn   | Place    | Note
-------+----------+-------------------------------------------
     0 | D:5      | flotson the Demonspawn Delver began the quest for the Orb.
     0 | D:5      | Reached XP level 1. HP: 18/18 MP: 1/1
    67 | D:5      | Noticed a water moccasin
   124 | D:4      | Noticed Dowan
   201 | D:4      | Gained mutation: Your touch may inflict minor irresistible
                  | damage on your foes. [demonic ancestry]
   201 | D:4      | Reached XP level 2. HP: 7/24 MP: 2/2
   328 | D:4      | Reached skill level 1 in Evocations
   389 | D:4      | Reached skill level 1 in Armour
   389 | D:4      | Gained mutation: Spells you cast may paralyse adjacent
                  | enemies. [demonic ancestry]
   389 | D:4      | Reached XP level 3. HP: 6/29 MP: 3/3
   511 | D:4      | Found a shimmering altar of Xom.
   532 | D:4      | Noticed a water moccasin
   682 | D:2      | Found an ancient bone altar of Kikubaaqudgha.
  1157 | D:1      | Reached XP level 4. HP: 33/35 MP: 4/4
  1408 | D:1      | Found a faded altar of an unknown god.
  2216 | D:3      | Found a large runed translucent door.
  2216 | D:3      | Found a large runed translucent door.
  2223 | D:3      | Noticed mcwallace's ghost (amateur VSBr)
  2778 | D:4      | Gained mutation: Your touch may inflict irresistible damage
                  | on your foes. [demonic ancestry]
  2778 | D:4      | Reached XP level 5. HP: 41/42 MP: 5/5
  2866 | D:4      | Killed Dowan
  2925 | D:4      | Noticed Duvessa
  3310 | D:4      | Found Quawies's Book Boutique.
  3411 | D:4      | Gained mutation: Spells you cast may paralyse nearby
                  | enemies. [demonic ancestry]
  3411 | D:4      | Reached XP level 6. HP: 41/48 MP: 6/6
  3499 | D:4      | Killed a water moccasin
  3500 | D:4      | Reached skill level 5 in Stealth
  3878 | D:5      | Noticed an ice beast
  4048 | D:5      | Reached skill level 1 in Throwing
  4085 | D:5      | Got Fipuhopide's Verses on Friendly Hypothermia
  4106 | D:5      | Gained mutation: A meltable shield of frost defends you.
                  | (SH +4) [demonic ancestry]
  4106 | D:5      | Reached XP level 7. HP: 55/55 MP: 7/7
  4322 | D:5      | Found a radiant altar of Vehumet.
  4888 | D:4      | Found a shimmering altar of Xom.
  4902 | D:4      | Found Quawies's Book Boutique.
  5599 | D:4      | HP: 2/55 [Duvessa/+0 short sword (10)]
  5600 | D:4      | Slain by Duvessa

Illustrated notes

Levels and vault maps discovered:
D:1:      minmay_arrival_checkered_box, layout_loops_cross,
          chequers_ecumenical_altar_grove, nrook_loot_triangle
D:2:      layout_basic, basic_altar, serial_bayou_lake_a
D:3:      layout_loops_ring, ebering_ghost_disaster_area
D:4:      layout_basic, mainiacjoe_overflow_catwalk, serial_shops,
          nicolae_shop_waterfront, grunt_ministairs_15, uniq_duvessa
D:5:      layout_gridville, kennysheep_mini_moat

Skill      XL: |  1  2  3  4  5  6  7 |
---------------+----------------------+-----
Dodging        | 2 3 |  3.7
Evocations     | 1 2 3 |  3.4
Armour         | 1 2 3 |  3.2
Axes           | 2 3 |  3.3
Fighting       | 4 |  4.7
Stealth        | 5 |  5.5
Throwing       | 1 2 |  2.0

Action                   |  1- 3 |  4- 6 |  7- 9 || total
-------------------------+-------+-------+-------++-------
Melee: Hand axe          |    91 |    23 |       ||   114
       Touch             |    12 |     1 |       ||    13
       War axe           |       |    35 |       ||    35
       Mace              |       |     7 |       ||     7
       Dagger            |       |    25 |       ||    25
       Whip              |       |    86 |    94 ||   180
Throw: Boomerang         |       |     2 |       ||     2
  Use: Scroll            |     2 |     1 |     5 ||     8
       Potion            |     1 |     4 |       ||     5
 Stab: Sleeping          |     6 |     9 |     3 ||    18
Armor: Leather armour    |    24 |    56 |    17 ||    97
Dodge: Dodged            |    41 |    56 |    33 ||   130
Block: Tower shield      |       |   126 |   137 ||   263

Table legend: (Time is in decaauts)
 A = Elapsed time spent in this place.
 B = Non-inter-level travel time spent in this place.
 C = Inter-level travel time spent in this place.
 D = Time resting spent in this place.
 E = Time spent auto-exploring this place.
 F = Levels seen in this place.
 G = Mean time per level.
                   A        B        C        D        E       F      G
               +--------+--------+--------+--------+--------+-----+--------+
         Total |   5796 |   5335 |    461 |    603 |   3181 |   5 | 1159.2 |
       Dungeon |   5796 |   5335 |    461 |    603 |   3181 |   5 | 1159.2 |
               +--------+--------+--------+--------+--------+-----+--------+

Top non-repeatable levels by time:
     D:4: 2365 daAuts
     D:3: 1047 daAuts
     D:1: 818 daAuts
     D:5: 788 daAuts
     D:2: 776 daAuts
